cohdb
Replays
Latest Replays
All Replays
Popular Replays
Top Player Replays
Match Explorer
How It Works
Community
CoH3 Stats
Reddit
Sign in to upload your games and track your stats! →
Sign in with Steam
Match 39647730
Unlisted
Match 39647730
Overview
Messages
Build Orders
End
Construct Barracks
Selects Special Operations Battlegroup
Selects M29 Weasel Recon Vehicle
M29 Weasel Recon Vehicle
Riflemen Squad
Riflemen Squad
Mechanized Support Center
M1 Mortar Team
Selects Raiding Flares
Riflemen Squad
Construct Motor Pool
Construct Motor Pool
Construct Medical Station
M8 Greyhound Armored Car
Selects SSF Commando Squad
SSF Commando Squad
Engineer Squad
Construct Tank Depot
M4A1 Sherman Medium Tank
Raiding Flares
M4A1 Sherman Medium Tank
Raiding Flares
M4A1 76mm Conversion
Improvised Armor
Raiding Flares
SSF Commando Squad
Selects Assault Operation
Deathmatch
Genki
Astarot
Halito
0
0
Comments
sign in to comment!
No comments posted yet!